 Dungeon Crawl Stone Soup version 0.21-a0-633-g4c047d5 (webtiles) character file.

2874 Lanoc the Destroyer (level 9, -5/45 HPs)
             Began as a Deep Elf Conjurer on Dec 28, 2017.
             Was a Believer of Sif Muna.
             Slain by an orc warrior
             ... wielding a +0 war axe
              (26 damage)
             ... in a bailey.
             The game lasted 00:36:16 (8287 turns).

Lanoc the Destroyer (Deep Elf Conjurer)             Turns: 8287, Time: 00:36:19

Health: -5/45      AC:  4    Str:  5    XL:     9   Next: 47%
Magic:  17/23      EV: 17    Int: 24    God:    Sif Muna [**....]
Gold:   469        SH:  0    Dex: 15    Spells: 9/25 levels left

rFire    + . .     SeeInvis .   l - staff of poison
rCold    . . .     Gourm    .   (no shield)
rNeg     + . .     Faith    .   a - +1 robe
rPois    +         Spirit   .   (no helmet)
rElec    .         Reflect  .   f - +0 cloak
rCorr    .         Harm     .   (no gloves)
MR       .....                  (no boots)
Stlth    ++........             r - amulet of magic regeneration
HPRegen  0.15/turn              k - ring of positive energy
MPRegen  0.43/turn              x - ring of protection from fire

@: no status effects
A: no striking features
a: Divine Energy, Renounce Religion


You were in a bailey.
You worshipped Sif Muna.
Sif Muna was pleased with you.
You were not hungry.

You visited 2 branches of the dungeon, and saw 8 of its levels.
You also visited: Ossuary and Bailey.

You collected 469 gold pieces.

Inventory:

Hand Weapons
 b - a +4 quarterstaff of chaos
 h - the +6 hand axe "Yshrio" {drain, Int+2 SInv, unknown}
   (You found it on level 7 of the Dungeon)

   A truly terrible weapon, it drains the life of those it strikes.
   It affects your intelligence (+2).
   It lets you see invisible.
Armour
 a - a +1 robe (worn)
 f - a +0 cloak (worn)
 v - a +2 shield
Magical Staves
 l - an uncursed staff of poison (weapon)
 w - an uncursed staff of earth
Jewellery
 k - a ring of positive energy (left hand)
 p - an uncursed ring of resist corrosion
 r - an amulet of magic regeneration (around neck)
 x - a ring of protection from fire (right hand)
Wands
 m - a wand of enslavement (28)
 q - a wand of clouds (6)
Scrolls
 g - 3 scrolls of teleportation
 n - a scroll of remove curse {unknown}
 o - 2 scrolls of enchant armour
 s - a scroll of enchant weapon
 t - 3 scrolls of identify
Potions
 d - 2 potions of resistance
 e - 2 potions of ambrosia
 i - 2 potions of lignification
 j - 3 potions of mutation
Books
 u - the Handbook of Cloudy Illusion
   (You found it on level 4 of the Dungeon)

   Spells                             Type                      Level
   a - Summon Butterflies             Summoning                    1
   b - Swiftness                      Charms/Air                   2
   c - Static Discharge               Conjuration/Air              3
   d - Mephitic Cloud                 Conjuration/Poison/Air       3
   e - Summon Ice Beast               Ice/Summoning                4
   f - Summon Hydra                   Summoning                    7
Comestibles
 c - 9 rations
 z - 15 chunks of flesh


   Skills:
 + Level 7.7 Dodging
 - Level 2.4 Stealth
 + Level 8.5 Spellcasting
 * Level 10.4 Conjurations
 + Level 5.0 Invocations


You had 9 spell levels left.
You knew the following spells:

 Your Spells              Type           Power        Failure   Level  Hunger
a - Magic Dart            Conj           ####         1%          1    None
b - Searing Ray           Conj           ######       1%          2    None
c - Force Lance           Conj/Tloc      #####...     7%          4    ##.....
d - Iskenderun's Mystic   Conj           ######..     1%          4    ##.....
e - Fulminant Prism       Conj/Hex       #####.....   7%          4    ##.....
f - Summon Butterflies    Summ           ##......     6%          1    None


Dungeon Overview and Level Annotations

Branches:
Dungeon (7/15)             Temple (1/1) D:5

Altars:
Ashenzari
Cheibriados
Dithmenos
Elyvilon
Fedhas
Gozag
Hepliaklqana
Kikubaaqudgha
Nemelex Xobeh
Okawaru
Qazlal
Ru
Sif Muna
Uskayaw
Xom
Zin
The Shining One

Annotations:
D:7 Dustman's ghost, novice BaEE


Message History

Confirm with . or Enter, or press ? or * to list all spells.
Aiming: Searing Ray
Press: ? - help, Shift-Dir - straight line, p - orc warrior The searing ray misses the orc warrior. (Press . to maintain the ray.)
The orc warrior hits you with a war axe!!
Ouch! That really hurt!
The searing ray hits the orc warrior.
The orc warrior is lightly wounded.
The searing ray hits the orc warrior.
The orc warrior is heavily wounded.
The orc warrior barely misses you.
The searing ray hits the orc warrior.
The orc warrior is almost dead.
The searing ray hits the orc knight.
The orc knight is lightly wounded.
You finish channeling your searing ray.
The orc warrior hits you with a war axe!!
Ouch! That really hurt!
You die...

#..)....# ##.......##
#...)..)..#
##.......).##
#....)⌠..)..#######
##...).....##.....##
.. #......o..#.......#
...
##......o##.......##..
#.......@.........'..
##.....##..)......##
#######.....⌠.....#
##.........##
#....)..).#
##.......## #.).)...#
##.)...## ♣##'')##♣


You could see an orc knight and an orc warrior.

Vanquished Creatures
  The ghost of wazuzu the Conjurer, a novice GrWz (D:6)
  A hippogriff (D:7)
  Menkaure (D:5)
  A water moccasin (D:5)
  An ice beast (D:6)
  6 orc warriors
  A sky beast (D:6)
  An ogre (D:7)
  Blork the orc (D:6)
  2 bullfrogs (D:6)
  2 scorpions (D:4)
  A water moccasin skeleton (D:4)
  2 wights (D:5)
  5 crimson imps
  2 human zombies (Ossuary)
  3 jellies
  4 orc wizards
  A hound (D:6)
  An orc priest (D:5)
  Crazy Yiuf (D:4)
  A centaur skeleton (D:6)
  An iguana (D:5)
  4 worker ants
  2 big kobold zombies (Ossuary)
  2 mummies (Ossuary)
  9 gnolls
  5 adders
  An adder zombie (D:6)
  An adder skeleton (D:5)
  3 worms
  2 dart slugs
  2 leopard geckos (D:1)
  16 orcs
  A ball python (D:2)
  8 bats
  4 giant cockroaches
  3 gnoll zombies (Ossuary)
  19 goblins
  15 hobgoblins
  7 jackals
  A quokka (D:4)
  5 frilled lizards
  3 goblin zombies (Ossuary)
  A hobgoblin zombie (Ossuary)
  6 kobolds
  3 orc zombies (Ossuary)
  5 rats
  3 fungi (D:4)
171 creatures vanquished.

Vanquished Creatures (others)
  6 fulminant prisms
6 creatures vanquished.

Grand Total: 177 creatures vanquished

Notes
Turn   | Place    | Note
-------+----------+-------------------------------------------
     0 | D:1      | Lanoc the Deep Elf Conjurer began the quest for the Orb.
     0 | D:1      | Reached XP level 1. HP: 10/10 MP: 6/6
   236 | D:1      | Reached XP level 2. HP: 15/15 MP: 2/8
   240 | D:1      | Learned a level 2 spell: Searing Ray
  1190 | D:2      | Reached skill level 5 in Conjurations
  1222 | D:2      | Reached XP level 3. HP: 19/19 MP: 4/9
  1527 | D:2      | Found a shadowy altar of Dithmenos.
  1619 | D:2      | You fall through a shaft!
  2209 | D:3      | Reached XP level 4. HP: 24/24 MP: 7/11
  3203 | D:4      | Found a hazy altar of Hepliaklqana.
  3211 | D:4      | Reached XP level 5. HP: 15/28 MP: 4/13
  3214 | D:4      | HP: 1/28 [scorpion (3)]
  3222 | D:4      | Reached skill level 6 in Conjurations
  3330 | D:4      | Found a sand-covered staircase.
  3336 | Ossuary  | Entered an ossuary
  3653 | Ossuary  | Reached XP level 6. HP: 18/32 MP: 6/15
  3810 | Ossuary  | Reached skill level 5 in Spellcasting
  3957 | Ossuary  | Learned a level 4 spell: Force Lance
  3962 | Ossuary  | Learned a level 4 spell: Iskenderun's Mystic Blast
  3967 | Ossuary  | Learned a level 4 spell: Fulminant Prism
  4275 | D:4      | Reached skill level 7 in Conjurations
  4757 | D:4      | Reached skill level 5 in Dodging
  4757 | D:4      | Reached XP level 7. HP: 36/36 MP: 13/17
  4863 | D:4      | Identified the Handbook of Cloudy Illusion
  4953 | D:4      | Found a deep blue altar of Sif Muna.
  4953 | D:4      | Found an opulent altar of Gozag.
  4989 | D:4      | Became a worshipper of Sif Muna the Loreminder
  5024 | D:4      | Learned a level 1 spell: Summon Butterflies
  5035 | D:4      | Found a runed door.
  5173 | D:4      | Noticed Crazy Yiuf
  5176 | D:4      | Killed Crazy Yiuf
  5215 | D:5      | Entered Level 5 of the Dungeon
  5261 | D:5      | Reached skill level 1 in Invocations
  5373 | D:5      | Noticed Menkaure
  5638 | D:5      | Killed Menkaure
  5638 | D:5      | Reached skill level 8 in Conjurations
  5781 | D:5      | Reached XP level 8. HP: 41/41 MP: 6/19
  5835 | D:5      | Noticed Blork the orc
  5875 | D:6      | Killed Blork the orc
  6067 | D:5      | Found a staircase to the Ecumenical Temple.
  6076 | Temple   | Entered the Ecumenical Temple
  6980 | D:6      | Reached skill level 9 in Conjurations
  7041 | D:6      | Found a shattered altar of Ashenzari.
  7085 | D:6      | Reached * piety under Sif Muna
  7255 | D:6      | Found an ancient bone altar of Kikubaaqudgha.
  7510 | D:6      | Noticed wazuzu's ghost (novice GrWz)
  7516 | D:6      | Killed wazuzu's ghost
  7516 | D:6      | Reached XP level 9. HP: 45/45 MP: 7/22
  7773 | D:7      | Noticed Dustman's ghost (novice BaEE)
  7817 | D:7      | Reached skill level 10 in Conjurations
  7901 | D:7      | Found a flagged portal.
  7909 | D:7      | Got a dazzling hand axe
  7944 | Bailey   | Entered a bailey
  8098 | Bailey   | Reached ** piety under Sif Muna
  8176 | Bailey   | Reached skill level 5 in Invocations
  8254 | Bailey   | Noticed an orc knight
  8265 | Bailey   | Noticed an orc knight
  8287 | Bailey   | Slain by an orc warrior

Vault maps used:
D:1:      dpeg_arrival_stone_temple_mockup
D:2:      nicolae_dithmenos_through_a_glass_darkly
D:4:      lemuel_crystal_altar, grunt_temple_overflow_open, first_ration,
          nicolae_ossuary_entry_monument, dk_noncrumbling_4,
          uniq_crazy_yiuf_cottage
D:5:      minmay_temple_entry_large_hall, sword_in_stone, uniq_menkaure
D:6:      marbit_many_paths, kiku_gazebo_garden_becter
D:7:      lemuel_round_altar, enter_bailey_2, serial_shops, shop,
          grunt_ogre_cave, kennysheep_path_1, dk_rats_in_the_wall
Temple:   minmay_temple_curvy_loop
Ossuary:  minmay_ossuary_gauntlet
Bailey:   bailey_axe_minmay_hex_keep, bailey

Skill      XL: |  1  2  3  4  5  6  7  8  9 |
---------------+----------------------------+-----
Dodging        | 3 4 5 7 |  7.7
Conjurations   | 5 6 7 8 9 10 | 10.4
Spellcasting   | 4 5 6 7 8 |  8.5
Invocations    | 2 4 5 |  5.0
Stealth        | |  2.4

Action                   |  1- 3 |  4- 6 |  7- 9 || total
-------------------------+-------+-------+-------++-------
Melee: Staff             |       |     3 |     4 ||     7
 Cast: Magic Dart        |    45 |    25 |   112 ||   182
       Searing Ray       |    21 |    35 |    29 ||    85
       Iskenderun's Myst |       |       |    47 ||    47
       Force Lance       |       |       |     2 ||     2
       Fulminant Prism   |       |       |     6 ||     6
  Use: Scroll            |       |     8 |     6 ||    14
       Potion            |       |     2 |       ||     2
  Eat: Chunk             |     4 |     5 |    16 ||    25
       Ration            |       |     1 |       ||     1
Armor: Robe              |     5 |     1 |    15 ||    21
Dodge: Dodged            |    19 |    33 |    38 ||    90

Table legend:
 A = Spawn XP
 B = Non-spawn XP
 C = Spawn XP percentage of total XP
 D = Spawn monster count
 E = Non-spawn monster count
 F = Spawn count percentage of total count
 G = Total turns spent on level
                    A         B        C        D         E        F      G
               +---------+---------+-------+---------+---------+-------+---------
         Total |       0 |    4107 |   0.0 |       0 |     168 |   0.0 |  8287
               +---------+---------+-------+---------+---------+-------+---------
           D:1 |       0 |      35 |   0.0 |       0 |      18 |   0.0 |  1040
           D:2 |       0 |      15 |   0.0 |       0 |      12 |   0.0 |   828
           D:3 |       0 |     105 |   0.0 |       0 |      22 |   0.0 |  1330
           D:4 |       0 |     471 |   0.0 |       0 |      16 |   0.0 |  1092
           D:5 |       0 |     997 |   0.0 |       0 |      20 |   0.0 |   821
           D:6 |       0 |    1346 |   0.0 |       0 |      25 |   0.0 |  1510
           D:7 |       0 |     425 |   0.0 |       0 |       3 |   0.0 |   184
       Ossuary |       0 |     185 |   0.0 |       0 |      16 |   0.0 |   925
        Bailey |       0 |     528 |   0.0 |       0 |      36 |   0.0 |   343
               +---------+---------+-------+---------+---------+-------+---------
